 Dungeon Crawl Stone Soup version 0.15-a0-1015-g702813b (webtiles) character file.

858 DerFusl the Ducker (level 7, -12/55 HPs)
             Began as a Demonspawn Berserker on May 26, 2014.
             Was an Elder of Trog.
             Mangled by an ice beast (28 damage)
             ... on Level 5 of the Dungeon.
             The game lasted 00:20:20 (4850 turns).

DerFusl the Ducker (Demonspawn Berserker)           Turns: 4850, Time: 00:20:21

HP -12/55        AC  4     Str 20      XL: 7   Next: 71%
MP   7/7         EV 13     Int  8      God: Trog [****..]
Gold 256         SH  0     Dex 12      Spells:  0 memorised,  6 levels left

rFire  + . .     SeeInvis .     s - +0 falchion
rCold  x . .     Clarity  .     u - +0 leather armour
rNeg   . . .     Conserve .     (no shield)
rPois  .         rCorr    .     e - +0 helmet
rElec  .         rRot     .     (no cloak)
SustAb .         Spirit   .     (gloves unavailable)
rMut   .         Warding  .     (no boots)
Gourm  .         Stasis   .     (no amulet)
MR     +....                    v - ring of protection from magic
                                F - ring of fire

@: somewhat resistant to hostile enchantments, very unstealthy
A: claws 3, spiny 2
a: Burn Spellbooks, Berserk, Trog's Hand, Brothers in Arms, Renounce Religion


You were on level 5 of the Dungeon.
You worshipped Trog.
Trog was greatly pleased with you.
You were hungry.

You visited 1 branch of the dungeon, and saw 5 of its levels.

You collected 256 gold pieces.

Inventory:

Hand weapons
 s - a +0,+0 falchion (weapon)
Missiles
 G - 3 tomahawks (quivered)
Armour
 e - a +0 helmet (worn)
 u - a +0 leather armour (worn)
 E - a +0 pair of gloves
Magical devices
 p - a wand of magic darts (14) {unknown}
 C - a wand of cold (6) {unknown}
Comestibles
 c - 4 bread rations
 q - a pear
 z - a meat ration
 A - an apricot
 H - 3 rotting chunks of centaur flesh
Scrolls
 a - a scroll of random uselessness {unknown}
 f - 2 scrolls of fog {unknown}
 h - 2 scrolls of teleportation {unknown}
 i - 10 scrolls of identify {unknown}
 k - 2 scrolls of magic mapping {unknown}
 l - a scroll of noise {unknown}
 n - 2 scrolls of enchant armour {unknown}
 w - 2 scrolls of amnesia {unknown}
 x - 2 scrolls of immolation {unknown}
 y - a scroll of blinking {unknown}
 D - a scroll of recharging {unknown}
Jewellery
 v - a ring of protection from magic (right claw)
 F - a ring of fire (left claw)
Potions
 b - 2 potions of heal wounds {unknown}
 d - a potion of haste {unknown}
 g - a potion of confusion {unknown}
 j - 3 potions of curing {unknown}
 m - a potion of flight {unknown}
 o - a potion of brilliance {unknown}
 r - a potion of restore abilities {unknown}
 t - a potion of mutation {unknown}
 B - a potion of might {unknown}
 I - a potion of magic {unknown}


   Skills:
 + Level 4.7 Fighting
 + Level 4.9 Long Blades
 + Level 2.9 Armour
 + Level 5.6 Dodging
 + Level 0.2 Stealth


You had 6 spell levels left.
You didn't know any spells.

Dungeon Overview and Level Annotations

Branches:
Dungeon (5/15)             Temple (0/1) D:4

Altars:
Ashenzari
Elyvilon
Gozag
Makhleb
Nemelex Xobeh
Okawaru
Trog
Vehumet
Zin

Shops:
D:4 :


Innate Abilities, Weirdness & Mutations

You have claws for hands.
You are mostly covered in sharp spines.


Message History

You hit the ice beast but do no damage.
The ice beast is severely wounded.
The ice beast barely misses you.
You hit the ice beast.
The ice beast is severely wounded.
The ice beast closely misses you.
You hit the ice beast but do no damage.
The ice beast is severely wounded.
The ice beast hits you. The ice beast freezes you!!
You feel a terrible chill!
* * * LOW HITPOINT WARNING * * *
You barely miss the ice beast.
The ice beast is severely wounded.
The ice beast hits you but does no damage.
You barely miss the ice beast.
The ice beast is severely wounded.
The ice beast hits you.
* * * LOW HITPOINT WARNING * * *
The ice beast freezes you!!
You feel a terrible chill!
Ouch! That really hurt!
You die...

##.##########.#######.###########
#.# #.# #)# #.# #.# #.# #.# #.#
#.# #.# #.# #.# #.# #.# #.# #.#
#.# #.#
##.##########.#######.###########
...............Y@..............(.
.#####.#######.#####.############
.# #.# #.# #.# .# #.# #.# #.# .#
#.# #.# #.# [# #.# #.# #.#
.#####># #.# #.# .......#######.#
#.# .#####.>.......# #.#


You could see an ice beast.

Vanquished Creatures
  A sky beast (D:5)
  3 centaurs (D:5)
  4 killer bees (D:5)
  A giant frog skeleton (D:5)
  2 orc wizards
  An orc priest (D:3)
  A worker ant (D:5)
  8 adders
  A giant mite (D:5)
  5 worms
  A giant gecko (D:5)
  An ooze (D:3)
  18 orcs
  3 ball pythons
  13 bats
  5 giant cockroaches
  12 goblins
  11 hobgoblins
  6 giant newts
  A hobgoblin skeleton (D:5)
  9 jackals
  8 kobolds
  An orc skeleton (D:5)
  3 quokkas
  A quokka skeleton (D:4)
  10 rats
130 creatures vanquished.

Vanquished Creatures (others)
  A ball python (D:5)
1 creature vanquished.

Grand Total: 131 creatures vanquished

Notes
Turn   | Place    | Note
--------------------------------------------------------------
     0 | D:1      | DerFusl, the Demonspawn Berserker, began the quest for the Orb.
     0 | D:1      | Reached XP level 1. HP: 18/18 MP: 1/1
   117 | D:1      | Gained mutation: You are partially covered in sharp spines. [demonic ancestry]
   117 | D:1      | Reached XP level 2. HP: 18/24 MP: 2/2
   406 | D:1      | Acquired Trog's second power
   655 | D:1      | Reached XP level 3. HP: 26/29 MP: 3/3
  1099 | D:2      | Found a sparkling altar of Nemelex Xobeh.
  1101 | D:2      | Found a radiant altar of Vehumet.
  1103 | D:2      | Found a white marble altar of Elyvilon.
  1212 | D:2      | Gained mutation: You are mostly covered in sharp spines. [demonic ancestry]
  1212 | D:2      | Reached XP level 4. HP: 14/36 MP: 4/4
  1564 | D:2      | Found a glowing silver altar of Zin.
  1565 | D:2      | Found an opulent altar of Gozag.
  1671 | D:2      | HP: 1/54 [worm (6)]
  2024 | D:3      | Found an iron altar of Okawaru.
  2265 | D:3      | Gained mutation: You have sharp fingernails. [demonic ancestry]
  2265 | D:3      | Reached XP level 5. HP: 42/42 MP: 5/5
  2336 | D:3      | Found a bloodstained altar of Trog.
  2735 | D:4      | Found Blotivan's Book Shop.
  2769 | D:4      | Reached skill level 4 in Fighting
  2833 | D:4      | Found a staircase to the Ecumenical Temple.
  2929 | D:4      | Found an opulent altar of Gozag.
  3047 | D:4      | Acquired Trog's third power
  3326 | D:5      | Entered Level 5 of the Dungeon
  3404 | D:5      | Gained mutation: You have very sharp fingernails. [demonic ancestry]
  3404 | D:5      | Reached XP level 6. HP: 12/48 MP: 6/6
  3407 | D:5      | HP: 2/72 [killer bee (5)]
  3413 | D:5      | HP: 2/72 [poisoned by a killer bee]
  3783 | D:5      | Noticed a centaur
  3789 | D:5      | Killed a centaur
  3789 | D:5      | Gained mutation: You have claws for hands. [demonic ancestry]
  3789 | D:5      | Reached XP level 7. HP: 23/54 MP: 7/7
  3860 | D:5      | Reached skill level 5 in Dodging
  4104 | D:5      | Noticed a centaur
  4112 | D:5      | Killed a centaur
  4148 | D:5      | Noticed a sky beast
  4155 | D:5      | Killed a sky beast
  4690 | D:5      | Found a burning altar of Makhleb.
  4693 | D:5      | Found a shattered altar of Ashenzari.
  4850 | D:5      | Mangled by an ice beast

Action                   |  1- 3 |  4- 6 |  7- 9 || total
-------------------------+-------+-------+-------++-------
Melee: Falchion          |   128 |   182 |    89 ||   399
       Scimitar          |       |    18 |       ||    18
Invok: Berserk           |     1 |     4 |     2 ||     7
       Trog's Hand       |       |     3 |     1 ||     4
       Burn Spellbooks   |       |     2 |       ||     2
